 Dungeon Crawl Stone Soup version 0.26-a0-658-gbdda728c12 (webtiles) character file.

Game seed: 14811648646344171343

2329 luopjiggy the Cleaver (level 9, -1/75 HPs)
             Began as a Hill Orc Fighter on Oct 4, 2020.
             Slain by an ice beast (12 damage)
             ... on level 6 of the Dungeon.
             The game lasted 00:12:34 (8602 turns).

luopjiggy the Cleaver (Hill Orc Fighter)            Turns: 8602, Time: 00:12:35

Health: -1/75      AC:  8    Str: 19      XL:     9   Next: 42%
Magic:  9/9        EV:  7    Int:  7 (8)  God:
Gold:   385        SH: 10    Dex: 13      Spells: 8/8 levels left

rFire    + . .     SeeInvis .   a - +1 war axe
rCold    x . .     Faith    .   c - +1 kite shield
rNeg     . . .     Spirit   .   b - +0 scale mail
rPois    .         Reflect  .   j - +0 helmet
rElec    .         Harm     .   s - scarf {repulsion}
rCorr    .         Rampage  .   (no gloves)
MR       +....                  (no boots)
Stlth    ..........             (no amulet)
HPRegen  0.22/turn              p - ring of fire
MPRegen  0.11/turn              g - ring of protection from magic

@: stab, hasted, heavily drained, repel missiles, very quick
A: blink, deterioration 1
a: Blink


You were on level 6 of the Dungeon.
You visited 1 branch of the dungeon, and saw 7 of its levels.
You also visited: Sewer.

You collected 385 gold pieces.

Inventory:

Hand Weapons
 a - a +1 war axe (weapon)
 n - a cursed +4 hand axe
Armour
 b - a +0 scale mail (worn)
 c - a +1 kite shield (worn)
 j - a +0 helmet (worn)
 s - a scarf of repulsion (worn)
Jewellery
 f - an uncursed amulet of faith
 g - a ring of protection from magic (right hand)
 k - an uncursed ring of magical power
 p - a ring of fire (left hand)
Wands
 o - a wand of random effects (13)
Scrolls
 e - 5 scrolls of remove curse
 h - 6 scrolls of teleportation
 l - a scroll of amnesia
Potions
 d - a potion of flight {unknown}
 i - 2 potions of brilliance
 m - a potion of stabbing
 q - a potion of berserk rage {unknown}
 r - a potion of magic {unknown}


   Skills:
 * Level 5.9(3.9) Fighting
 * Level 13.1(10.7) Axes
 * Level 5.5(3.5) Armour
 * Level 5.3(3.3) Shields


You had 8 spell levels left.
You didn't know any spells.
Your spell library was empty.

Dungeon Overview and Level Annotations

Branches:
Dungeon (7/15)              Sewer (visited)
 Temple: D:4-7

Altars:
Dithmenos
Trog
Uskayaw
Vehumet

Shops:
D:4 [   D:6 *


Innate Abilities, Weirdness & Mutations

You can translocate small distances at will.
Your body sometimes deteriorates upon taking damage.


Message History

* * * LOW HITPOINT WARNING * * *
You slash the ice beast!
The ice beast is heavily wounded.
You hit the wight but do no damage. The ice beast barely misses you.
You block the wight's attack. The wight hits you but does no damage.
The wight hits you from afar with a cursed +0 halberd.
* * * LOW HITPOINT WARNING * * *
You block the ice beast's attack. The wight barely misses you.
The wight hits you from afar with a +0 trident.
* * * LOW HITPOINT WARNING * * *
You climb upwards.
There is a stone staircase leading down, spattered with blood here.
It was a potion of stabbing.
You feel ready to backstab.
The ice beast hits you but does no damage.
You block the wight's attack.
It was a potion of haste.
You feel yourself speed up. The ice beast hits you.
* * * LOW HITPOINT WARNING * * *
The ice beast freezes you!
You feel a terrible chill!
You die...

#########.################
#.......#.#...........##..
###.###.#.#.........#.##..
#.# #.#.#########.#.#...
#(# #.#......†..........
#.# #.#.#.#######.......
#.# #.#.#.###########.#.
#.# #.#Y#...............
#.# #.#@z...............
##.# #.#################.
##..###..........# #.
#.∩...##########.# #.
#####.# #######.# #. #.#
#....##.########. #.#
#....##..........
#.####....############
#....'.............<..


You could see an ice beast and a wight.

Vanquished Creatures
  Sigmund (D:5)
  Eustachio (D:4)
  Purgy (Sewer)
  3 sky beasts
  An ice beast (D:6)
  An ogre (D:6)
  2 centaurs (D:6)
  A wyvern skeleton (D:6)
  A scorpion (D:6)
  4 wights (D:6)
  3 howler monkeys
  4 orc priests
  A bullfrog skeleton (D:4)
  3 hounds
  2 orc wizards
  A gnoll shaman (D:4)
  Ijyb (D:3)
  2 iguanas
  6 worker ants
  A howler monkey zombie (D:6)
  5 gnolls
  7 river rats (D:5)
  9 adders
  3 shadow imps
  2 oozes
  4 worms
  4 dart slugs
  6 leopard geckos
  15 orcs
  4 ball pythons
  5 bats
  7 giant cockroaches
  A goblin (D:2)
  13 hobgoblins
  9 jackals
  12 kobolds
  6 quokkas
  9 frilled lizards
  A leopard gecko skeleton (D:5)
  A quokka skeleton (D:6)
  31 rats
194 creatures vanquished.

Notes
Turn   | Place    | Note
-------+----------+-------------------------------------------
     0 | D:1      | luopjiggy the Hill Orc Fighter began the quest for the Orb.
     0 | D:1      | Reached XP level 1. HP: 19/19 MP: 1/1
    16 | D:1      | Reached skill level 3 in Axes
    21 | D:1      | Reached XP level 2. HP: 21/26 MP: 2/2
   127 | D:1      | Reached skill level 4 in Axes
   153 | D:1      | Reached XP level 3. HP: 12/31 MP: 3/3
   499 | D:1      | Reached skill level 5 in Axes
  1492 | D:2      | Reached XP level 4. HP: 32/39 MP: 4/4
  1655 | D:2      | Reached skill level 6 in Axes
  1718 | D:2      | Gained mutation: Your body sometimes deteriorates upon
                  | taking damage. [potion of mutation]
  1718 | D:2      | Gained mutation: You can translocate small distances at
                  | will. [potion of mutation]
  2089 | D:2      | Found a shadowy altar of Dithmenos.
  2498 | D:3      | Reached XP level 5. HP: 45/45 MP: 5/5
  2545 | D:3      | Reached skill level 7 in Axes
  3261 | D:3      | Noticed Ijyb
  3277 | D:3      | Killed Ijyb
  3724 | D:4      | Found a glowing drain.
  3737 | D:4      | Reached skill level 8 in Axes
  3737 | D:4      | Reached XP level 6. HP: 38/51 MP: 6/6
  3748 | Sewer    | Entered a sewer
  3941 | Sewer    | Noticed Purgy
  3973 | Sewer    | Killed Purgy
  3973 | Sewer    | Reached skill level 9 in Axes
  4696 | D:4      | Found Ettuon's Armour Boutique.
  4793 | D:4      | Reached XP level 7. HP: 52/57 MP: 7/7
  5202 | D:5      | Entered Level 5 of the Dungeon
  5211 | D:5      | Reached skill level 10 in Axes
  5234 | D:5      | Noticed Sigmund
  5235 | D:5      | Noticed Eustachio
  5400 | D:4      | Killed Eustachio
  5477 | D:5      | Killed Sigmund
  5477 | D:5      | Reached skill level 11 in Axes
  5477 | D:5      | Reached XP level 8. HP: 30/66 MP: 8/8
  5676 | D:5      | Found a radiant altar of Vehumet.
  6555 | D:5      | Found a hide-covered altar of Uskayaw.
  6828 | D:6      | Reached skill level 12 in Axes
  6927 | D:6      | Reached skill level 5 in Fighting
  6951 | D:6      | Reached XP level 9. HP: 59/74 MP: 9/9
  7111 | D:6      | Found Ranesk's Assorted Antiques.
  7700 | D:6      | Found a bloodstained altar of Trog.
  7742 | D:6      | Reached skill level 5 in Armour
  7742 | D:6      | Reached skill level 5 in Shields
  8302 | D:6      | Reached skill level 13 in Axes
  8602 | D:6      | Slain by an ice beast

Illustrated notes

Levels and vault maps discovered:
D:1:      dpeg_arrival_radiant, layout_basic, minmay_misc_feat_diagonals
D:2:      layout_loops_ring, nicolae_dithmenos_shadow_blocks
D:3:      layout_basic, minmay_three_crescents, uniq_ijyb
D:4:      layout_loops_cross, serial_shops, shop, cheibrodos_sewer_entry_bend
D:5:      lemuel_ratsnest, layout_loops_ring, lemuel_coloured_pillars_altar,
          fiery_altar_vehumet, minivault_24, uniq_sigmund, uniq_eustachio
D:6:      minmay_evil_eye, layout_basic, kennysheep_mini, serial_shops, shop,
          kennysheep_big_empty_room
D:7:      layout_loops_cross, grunt_temple_overflow_order_and_chaos_2,
          gammafunk_temple_overflow_wave, temple_green, serial_shops,
          nicolae_shop_trees, serial_rivers, chequers_serial_rivers_micro_c,
          chequers_serial_rivers_micro_c, chequers_serial_rivers_large_b,
          chequers_serial_rivers_micro_b, chequers_serial_rivers_small_3,
          chequers_serial_rivers_small_b, enter_ossuary_5,
          chequers_serial_rivers_marsh, minivault_4

Skill      XL: |  1  2  3  4  5  6  7  8  9 |
---------------+----------------------------+-----
Axes           | 3 4 5 6 8 9 11 12 13 | 13.1
Fighting       | 4 5 |  5.9
Shields        | 4 5 |  5.3
Armour         | 4 5 |  5.5

Action                   |  1- 3 |  4- 6 |  7- 9 || total
-------------------------+-------+-------+-------++-------
Melee: War axe           |    88 |   265 |   296 ||   649
  Use: Scroll            |     3 |     6 |     5 ||    14
       Potion            |       |     5 |     6 ||    11
Armor: Scale mail        |    63 |   148 |    83 ||   294
       Skin              |       |     9 |       ||     9
Dodge: Dodged            |    31 |    92 |    70 ||   193
Block: Kite shield       |    55 |   154 |   158 ||   367

Table legend: (Time is in decaauts)
 A = Elapsed time spent in this place.
 B = Non-inter-level travel time spent in this place.
 C = Inter-level travel time spent in this place.
 D = Time resting spent in this place.
 E = Time spent auto-exploring this place.
 F = Levels seen in this place.
 G = Mean time per level.
                   A        B        C        D        E       F      G
               +--------+--------+--------+--------+--------+-----+--------+
         Total |   8751 |   8509 |    242 |   3399 |   3764 |   8 | 1093.9 |
       Dungeon |   8278 |   8036 |    242 |   3170 |   3643 |   7 | 1182.6 |
         Sewer |    473 |    473 |      0 |    229 |    121 |   1 |  473.0 |
               +--------+--------+--------+--------+--------+-----+--------+

Top non-repeatable levels by time:
     D:6: 1836 daAuts
     D:2: 1711 daAuts
     D:5: 1361 daAuts
     D:4: 1281 daAuts
     D:3: 1243 daAuts
     D:1: 828 daAuts
   Sewer: 473 daAuts
     D:7: 15 daAuts
